TOP OF THE 1ST |
Colorado Billy Goats batting - Pitching for D.C. Divided : RHP Ángel Rosas
|
Pitching: RHP Ángel Rosas
|
|
Batting: LHB David de Meij
|
0-0: Fly out, F9 (Line Drive, 9D, EV 84.4 MPH)
|
Batting: LHB Tim Gonzáles
|
0-0: Ball 1-0: Called Strike 1-1: Ball 2-1: Ground out 4-3 (Groundball, 4, EV 90.0 MPH)
|
Batting: LHB Ricardo Yates
|
0-0: Called Strike 0-1: Ball 1-1: Swinging Strike 1-2: Ball 2-2: Foul Ball, location: 2F 2-2: Strikes out swinging
|
Top of the 1st over - 0 runs, 0 hits, 0 errors, 0 left on base; Colorado 0 - D.C. 0 |
BOTTOM OF THE 1ST |
D.C. Divided batting - Pitching for Colorado Billy Goats : LHP Zalontae Hillary
|
Pitching: LHP Zalontae Hillary
|
|
Batting: RHB Kimi Okubo
|
0-0: Called Strike 0-1: Called Strike 0-2: Fly out, F7 (Flyball, 78S, EV 94.4 MPH)
|
Batting: LHB Bill Butler
|
0-0: Called Strike 0-1: Foul Ball, location: 2F 0-2: Fly out, F6 (Flyball, 56D, EV 88.1 MPH)
|
Batting: RHB Martín Chávez
|
0-0: Ball 1-0: Ball 2-0: Ball 3-0: Ground out 6-3 (Groundball, 6, EV 87.5 MPH)
|
Bottom of the 1st over - 0 runs, 0 hits, 0 errors, 0 left on base; Colorado 0 - D.C. 0 |
TOP OF THE 2ND |
Colorado Billy Goats batting - Pitching for D.C. Divided : RHP Ángel Rosas
|
Batting: LHB Mario Ramos
|
0-0: Ball 1-0: Ground out 1-3 (Groundball, 34S, EV 81.9 MPH)
|
Batting: LHB Ken Norris
|
0-0: Called Strike 0-1: Ball 1-1: Called Strike 1-2: Ball 2-2: SINGLE (Groundball, 6MD, EV 104.4 MPH)
|
Batting: LHB António Casas
|
0-0: Ball 1-0: Called Strike 1-1: Foul Ball, location: 2F 1-2: Strikes out looking
|
Batting: RHB Phil Moore
|
0-0: Called Strike 0-1: Ball 1-1: Foul Ball, location: 2F 1-2: Foul Ball, location: 2F 1-2: Foul Ball, location: 2F 1-2: 2-RUN HOME RUN (Flyball, 7D, EV 96.2 MPH), Distance : 388 ft
|
Batting: RHB Luis Rodríguez
|
0-0: Ground out 5-3 (Groundball, 56S, EV 61.9 MPH)
|
Top of the 2nd over - 2 runs, 2 hits, 0 errors, 0 left on base; Colorado 2 - D.C. 0 |
BOTTOM OF THE 2ND |
D.C. Divided batting - Pitching for Colorado Billy Goats : LHP Zalontae Hillary
|
Batting: LHB Manuel Carmona
|
0-0: Called Strike 0-1: Ball 1-1: Foul Ball, location: 2F 1-2: Ball 2-2: DOUBLE (Line Drive, 78M, EV 108.8 MPH)
|
Batting: LHB Stanley Zijm
|
0-0: Ball 1-0: Ball 2-0: Called Strike 2-1: Ground out U3 (Groundball, 3, EV 88.8 MPH) Manuel Carmona to third
|
Batting: SHB Billy Dotson
|
0-0: Ball 1-0: Called Strike 1-1: Ball 2-1: Ball 3-1: Called Strike 3-2: Base on Balls
|
Batting: RHB Francisco Alhama
|
0-0: Called Strike 0-1: Ball 1-1: Fly out, F5 (Flyball, 5D, EV 88.1 MPH)
|
Batting: LHB Alex Avery
|
0-0: Called Strike 0-1: Foul Ball, location: 2F 0-2: Ball 1-2: Ground out U3 (Groundball, 3, EV 103.8 MPH)
|
Bottom of the 2nd over - 0 runs, 1 hit, 0 errors, 2 left on base; Colorado 2 - D.C. 0 |
TOP OF THE 3RD |
Colorado Billy Goats batting - Pitching for D.C. Divided : RHP Ángel Rosas
|
Batting: RHB Jorge Alvarado
|
0-0: Ball 1-0: Foul Ball, location: 2F 1-1: Swinging Strike 1-2: Ball 2-2: Ball 3-2: Ground out 6-3 (Groundball, 6, EV 83.8 MPH)
|
Batting: LHB David de Meij
|
0-0: Called Strike 0-1: Called Strike 0-2: Ground out 6-3 (Groundball, 6, EV 106.2 MPH)
|
Batting: LHB Tim Gonzáles
|
0-0: SINGLE (Groundball, 4MD, EV 93.8 MPH)
|
Batting: LHB Ricardo Yates
|
0-0: Called Strike 0-1: Foul Ball, location: 2F 0-2: Foul Ball, location: 2F 0-2: DOUBLE (Line Drive, 89D, EV 101.9 MPH) Tim Gonzáles to third
|
Batting: LHB Mario Ramos
|
0-0: Called Strike 0-1: Ball 1-1: Ball 2-1: Foul Ball, location: 2F 2-2: Ball 3-2: Ground out 6-3 (Groundball, 6, EV 100.6 MPH)
|
Top of the 3rd over - 0 runs, 2 hits, 0 errors, 2 left on base; Colorado 2 - D.C. 0 |
BOTTOM OF THE 3RD |
D.C. Divided batting - Pitching for Colorado Billy Goats : LHP Zalontae Hillary
|
Batting: SHB Miguel Herrera
|
0-0: SINGLE (Groundball, 6MD, EV 97.5 MPH)
|
Batting: RHB Kimi Okubo
|
0-0: Foul Ball, location: 2F 0-1: Foul Ball, location: 2F 0-2: Ball 1-2: Foul Ball, location: 2F 1-2: Foul Ball, location: 2F 1-2: Fielders Choice at 2nd, 4-6 (Groundball, 4M, EV 106.9 MPH)
|
Batting: LHB Bill Butler
|
0-0: Called Strike 0-1: Ball 1-1: Ball Passed Ball! Kimi Okubo to second 2-1: Ground out 1-3 (Groundball, 15S, EV 68.1 MPH)
|
Batting: RHB Martín Chávez
|
0-0: Ball 1-0: Fly out, F9 (Flyball, 9, EV 80.0 MPH)
|
Bottom of the 3rd over - 0 runs, 1 hit, 0 errors, 1 left on base; Colorado 2 - D.C. 0 |
TOP OF THE 4TH |
Colorado Billy Goats batting - Pitching for D.C. Divided : RHP Ángel Rosas
|
Batting: LHB Ken Norris
|
0-0: Ball 1-0: Swinging Strike 1-1: Ball 2-1: Ball 3-1: Fly out, F7 (Line Drive, 7, EV 85.0 MPH)
|
Batting: LHB António Casas
|
0-0: Swinging Strike 0-1: Ball 1-1: Ground out U3 (Groundball, 3L, EV 86.2 MPH)
|
Batting: RHB Phil Moore
|
0-0: Ball 1-0: Ball 2-0: Ball 3-0: SOLO HOME RUN (Flyball, 7D, EV 106.2 MPH), Distance : 383 ft
|
Batting: RHB Luis Rodríguez
|
0-0: Called Strike 0-1: SINGLE (Groundball, 4MD, EV 102.5 MPH)
|
Batting: RHB Jorge Alvarado
|
0-0: Ball 1-0: Ball 2-0: Called Strike 2-1: Fly out, F3 (Popup, 23F, EV 88.8 MPH)
|
Top of the 4th over - 1 run, 2 hits, 0 errors, 1 left on base; Colorado 3 - D.C. 0 |
BOTTOM OF THE 4TH |
D.C. Divided batting - Pitching for Colorado Billy Goats : LHP Zalontae Hillary
|
Batting: LHB Manuel Carmona
|
0-0: Ball 1-0: Ground out 5-3 (Groundball, 5, EV 83.8 MPH)
|
Batting: LHB Stanley Zijm
|
0-0: Ball 1-0: Swinging Strike 1-1: Ball 2-1: Swinging Strike 2-2: Ball 3-2: Foul Ball, location: 2F 3-2: Strikes out looking
|
Batting: SHB Billy Dotson
|
0-0: Ball 1-0: Ball 2-0: SINGLE (Line Drive, 56, EV 104.4 MPH)
|
Batting: RHB Francisco Alhama
|
0-0: Foul Ball, location: 2F 0-1: Fly out, F8 (Flyball, 8LXD, EV 99.4 MPH)
|
Bottom of the 4th over - 0 runs, 1 hit, 0 errors, 1 left on base; Colorado 3 - D.C. 0 |
TOP OF THE 5TH |
Colorado Billy Goats batting - Pitching for D.C. Divided : RHP Ángel Rosas
|
Batting: LHB David de Meij
|
0-0: Fly out, F7 (Flyball, 7LD, EV 103.8 MPH)
|
Batting: LHB Tim Gonzáles
|
0-0: Ball 1-0: Ball 2-0: Called Strike 2-1: Ball 3-1: Base on Balls
|
Batting: LHB Ricardo Yates
|
0-0: Called Strike 0-1: Ball 1-1: Fly out, F5 (Popup, 56D, EV 74.4 MPH)
|
Batting: LHB Mario Ramos
|
0-0: Swinging Strike 0-1: Swinging Strike 0-2: SINGLE (Line Drive, 34D, EV 98.1 MPH) Tim Gonzáles to second
|
Batting: LHB Ken Norris
|
0-0: Ball Passed Ball! Tim Gonzáles to third Mario Ramos to second 1-0: DOUBLE (Line Drive, 8RXD, EV 105.6 MPH) Tim Gonzáles scores Mario Ramos scores
|
Pitching: RHP Ronald Wolfe
|
|
Batting: LHB António Casas
|
0-0: Ball 1-0: SINGLE (Groundball, 6D, EV 98.8 MPH) Ken Norris to third Runner from 3rd tries for Home, SAFE, no throw by CF
|
Batting: RHB Phil Moore
|
0-0: Called Strike 0-1: Ball 1-1: Fly out, F8 (Flyball, 78S, EV 80.0 MPH)
|
Top of the 5th over - 3 runs, 3 hits, 0 errors, 1 left on base; Colorado 6 - D.C. 0 |
BOTTOM OF THE 5TH |
D.C. Divided batting - Pitching for Colorado Billy Goats : LHP Zalontae Hillary
|
Batting: LHB Alex Avery
|
0-0: Foul Ball, location: 2F 0-1: Foul Ball, location: 2F 0-2: Ball 1-2: Fly out, F5 (Popup, 5, EV 65.0 MPH)
|
Batting: SHB Miguel Herrera
|
0-0: Called Strike 0-1: Ball 1-1: Ball 2-1: Ball 3-1: Foul Ball, location: 2F 3-2: Foul Ball, location: 2F 3-2: Fly out, F8 (Flyball, 8LM, EV 80.0 MPH)
|
Batting: RHB Kimi Okubo
|
0-0: Ball 1-0: Foul Ball, location: 2F 1-1: Fly out, F7 (Flyball, 7D, EV 97.5 MPH)
|
Bottom of the 5th over - 0 runs, 0 hits, 0 errors, 0 left on base; Colorado 6 - D.C. 0 |
TOP OF THE 6TH |
Colorado Billy Goats batting - Pitching for D.C. Divided : RHP Ronald Wolfe
|
Batting: RHB Luis Rodríguez
|
0-0: Called Strike 0-1: Swinging Strike 0-2: Strikes out swinging
|
Batting: RHB Jorge Alvarado
|
0-0: Swinging Strike 0-1: Ball 1-1: Swinging Strike 1-2: Ball 2-2: Strikes out looking
|
Batting: LHB David de Meij
|
0-0: Called Strike 0-1: Foul Ball, location: 2F 0-2: Ball 1-2: Ground out 5-3 (Groundball, 56, EV 93.1 MPH)
|
Top of the 6th over - 0 runs, 0 hits, 0 errors, 0 left on base; Colorado 6 - D.C. 0 |
BOTTOM OF THE 6TH |
D.C. Divided batting - Pitching for Colorado Billy Goats : LHP Zalontae Hillary
|
Batting: LHB Bill Butler
|
0-0: Called Strike 0-1: Ball 1-1: Ball 2-1: Foul Ball, location: 2F 2-2: SOLO HOME RUN (Flyball, 9D, EV 92.5 MPH) (Inside the Park)
|
Batting: RHB Martín Chávez
|
0-0: Ball 1-0: Called Strike 1-1: Ball 2-1: Fly out, F9 (Flyball, 89M, EV 91.2 MPH)
|
Batting: LHB Manuel Carmona
|
0-0: Ball 1-0: Fly out, F6 (Flyball, 6MD, EV 82.5 MPH)
|
Batting: LHB Stanley Zijm
|
0-0: Called Strike 0-1: Fly out, F7 (Line Drive, 7, EV 98.1 MPH)
|
Bottom of the 6th over - 1 run, 1 hit, 0 errors, 0 left on base; Colorado 6 - D.C. 1 |
TOP OF THE 7TH |
Colorado Billy Goats batting - Pitching for D.C. Divided : RHP Ronald Wolfe
|
Batting: LHB Tim Gonzáles
|
0-0: Called Strike 0-1: Foul Ball, location: 2F 0-2: Ball 1-2: SINGLE (Flyball, 7LS, EV 89.4 MPH)
|
Batting: LHB Ricardo Yates
|
0-0: Called Strike 0-1: Ball 1-1: Fly out, F8 (Flyball, 78S, EV 86.9 MPH)
|
Batting: LHB Mario Ramos
|
0-0: Foul Ball, location: 2F 0-1: Ball 1-1: Ball 2-1: Ball 3-1: Base on Balls Tim Gonzáles to second
|
Pitching: RHP John McNeill
|
|
Batting: LHB Ken Norris
|
0-0: Ball 1-0: Ball Wild Pitch! Tim Gonzáles to third Mario Ramos to second 2-0: Ball 3-0: Base on Balls
|
Batting: LHB António Casas
|
0-0: Swinging Strike 0-1: Foul Ball, location: 2F 0-2: Fielders Choice at 2nd, 4-6 (Groundball, 34, EV 105.0 MPH) Tim Gonzáles scores Mario Ramos to third
|
Batting: RHB Phil Moore
|
0-0: Ball 1-0: Ball 2-0: Ball 3-0: Base on Balls António Casas to second
|
Batting: RHB Luis Rodríguez
|
0-0: SINGLE (Line Drive, 9S, EV 104.4 MPH) Mario Ramos scores António Casas to third Phil Moore to second Runner from 3rd tries for Home, SAFE, throw by RF to home
|
Batting: RHB Jorge Alvarado
|
0-0: Ball 1-0: Ball 2-0: Ball 3-0: Called Strike 3-1: Base on Balls Phil Moore to third Luis Rodríguez to second
|
Batting: LHB David de Meij
|
0-0: Called Strike 0-1: Ball 1-1: Foul Ball, location: 2F 1-2: Fly out, F8 (Flyball, 8LS, EV 89.4 MPH)
|
Top of the 7th over - 3 runs, 2 hits, 0 errors, 3 left on base; Colorado 9 - D.C. 1 |
BOTTOM OF THE 7TH |
D.C. Divided batting - Pitching for Colorado Billy Goats : LHP Zalontae Hillary
|
Pinch Hitting: RHB Nick Boyd
|
0-0: Ground out 4-3 (Groundball, 4, EV 85.6 MPH)
|
Batting: RHB Francisco Alhama
|
0-0: Called Strike 0-1: Ball 1-1: SINGLE (Groundball, 6MD, EV 102.5 MPH)
|
Pinch Hitting: RHB Ken Bone
|
0-0: Ball 1-0: Ball 2-0: Ball 3-0: Base on Balls Francisco Alhama to second
|
Pitching: LHP Ron Fernández
|
|
Batting: SHB Miguel Herrera
|
0-0: Swinging Strike 0-1: Foul Ball, location: 2F 0-2: Strikes out looking
|
Batting: RHB Kimi Okubo
|
0-0: Ball 1-0: Ball 2-0: Called Strike 2-1: Called Strike 2-2: Ball 3-2: Base on Balls Francisco Alhama to third Ken Bone to second
|
Batting: LHB Bill Butler
|
0-0: Foul Ball, location: 2F 0-1: Ground out U3 (Groundball, 3, EV 82.5 MPH)
|
Bottom of the 7th over - 0 runs, 1 hit, 0 errors, 3 left on base; Colorado 9 - D.C. 1 |
TOP OF THE 8TH |
Colorado Billy Goats batting - Pitching for D.C. Divided : RHP John McNeill
|
Now at 1B: Ken Bone
|
|
Now at 3B: Nick Boyd
|
|
Batting: LHB Tim Gonzáles
|
0-0: Ball 1-0: Ball 2-0: Foul Ball, location: 2F 2-1: Fly out, F7 (Flyball, 78S, EV 84.4 MPH)
|
Batting: LHB Ricardo Yates
|
0-0: SINGLE (Groundball, 4MD, EV 111.2 MPH)
|
Pitching: RHP Baker Mayfield
|
|
Batting: LHB Mario Ramos
|
0-0: Ball 1-0: Foul Ball, location: 2F 1-1: Ball 2-1: Fielders Choice at 2nd, 1-4 (Groundball, 15S, EV 69.4 MPH)
|
Batting: LHB Ken Norris
|
0-0: Ball 1-0: Called Strike 1-1: Swinging Strike 1-2: Strikes out swinging
|
Top of the 8th over - 0 runs, 1 hit, 0 errors, 1 left on base; Colorado 9 - D.C. 1 |
BOTTOM OF THE 8TH |
D.C. Divided batting - Pitching for Colorado Billy Goats : LHP Ron Fernández
|
Batting: RHB Martín Chávez
|
0-0: Foul Ball, location: 2F 0-1: Foul Ball, location: 2F 0-2: Ball 1-2: Foul Ball, location: 2F 1-2: Foul Ball, location: 2F 1-2: Ball 2-2: Ball 3-2: Fly out, F9 (Flyball, 9LS, EV 89.4 MPH)
|
Batting: LHB Manuel Carmona
|
0-0: Called Strike 0-1: Foul Ball, location: 2F 0-2: Foul Ball, location: 2F 0-2: Ball 1-2: Ball 2-2: Ground out 6-3 (Groundball, 6, EV 85.6 MPH)
|
Batting: LHB Stanley Zijm
|
0-0: Called Strike 0-1: Ball 1-1: SINGLE (Flyball, 7LS, EV 89.4 MPH)
|
Batting: RHB Nick Boyd
|
0-0: Foul Ball, location: 2F 0-1: Ball 1-1: Ball 2-1: Swinging Strike 2-2: Strikes out looking
|
Bottom of the 8th over - 0 runs, 1 hit, 0 errors, 1 left on base; Colorado 9 - D.C. 1 |
TOP OF THE 9TH |
Colorado Billy Goats batting - Pitching for D.C. Divided : RHP Baker Mayfield
|
Batting: LHB António Casas
|
0-0: Ball 1-0: Swinging Strike 1-1: Fly out, F9 (Line Drive, 9, EV 88.8 MPH)
|
Batting: RHB Phil Moore
|
0-0: Foul Ball, location: 2F 0-1: Ball 1-1: Swinging Strike 1-2: Ball 2-2: Ball 3-2: Strikes out looking
|
Batting: RHB Luis Rodríguez
|
0-0: Foul Ball, location: 2F 0-1: Ball 1-1: Called Strike 1-2: Strikes out swinging
|
Top of the 9th over - 0 runs, 0 hits, 0 errors, 0 left on base; Colorado 9 - D.C. 1 |
BOTTOM OF THE 9TH |
D.C. Divided batting - Pitching for Colorado Billy Goats : LHP Ron Fernández
|
Batting: RHB Francisco Alhama
|
0-0: Called Strike 0-1: Ball 1-1: Ball 2-1: Foul Ball, location: 2F 2-2: Ball 3-2: Base on Balls
|
Batting: RHB Ken Bone
|
0-0: Foul Ball, location: 2F 0-1: SINGLE (Line Drive, 7S, EV 108.8 MPH) Francisco Alhama to second
|
Batting: SHB Miguel Herrera
|
0-0: Ball 1-0: Ball 2-0: Ball 3-0: Called Strike 3-1: Foul Ball, location: 2F 3-2: Base on Balls Francisco Alhama to third Ken Bone to second
|
Pitching: RHP Santiago Morán
|
|
Batting: RHB Kimi Okubo
|
0-0: Swinging Strike 0-1: Ball 1-1: Ball 2-1: Foul Ball, location: 2F 2-2: Strikes out swinging
|
Batting: LHB Bill Butler
|
0-0: SINGLE (Groundball, 56D, EV 98.8 MPH) Francisco Alhama scores Ken Bone to third Miguel Herrera to second
|
Batting: RHB Martín Chávez
|
0-0: Called Strike 0-1: Called Strike 0-2: Ball 1-2: Strikes out swinging
|
Batting: LHB Manuel Carmona
|
0-0: Called Strike 0-1: Called Strike 0-2: Ball 1-2: Fly out, F9 (Flyball, 89S, EV 86.2 MPH)
|
Bottom of the 9th over - 1 run, 2 hits, 0 errors, 3 left on base; Colorado 9 - D.C. 2 |
|